 Dungeon Crawl Stone Soup version 0.31-a0-865-g3d5d91748a (webtiles) character file.

Game seed: 7211811900848167312

1121 wvc the Conjurer (level 8, -4/41 HPs)
             Began as a Gargoyle Fire Elementalist on Oct 10, 2023.
             Slain by an orc warrior
             ... wielding a +0 halberd
              (16 damage)
             ... on level 6 of the Dungeon.
             The game lasted 00:14:03 (4992 turns).

wvc the Conjurer (Gargoyle Fire Elementalist)       Turns: 4992, Time: 00:14:04

Health: -4/41      AC: 10    Str: 11    XL:     8   Next: 34%
Magic:  12/15      EV: 11    Int: 19    God:
Gold:   222        SH:  0    Dex: 10    Spells: 10/17 levels left

rFire   . . .        D - +2 short sword (elec)
rCold   . . .        (no shield)
rNeg    + . .        a - +0 robe
rPois   ∞            (no helmet)
rElec   +            (no cloak)
rCorr   .            (no gloves)
SInv    .            q - +2 pair of boots
Will    +....        (no amulet)
Stlth   ++           p - ring of willpower
HPRegen 0.26/turn    (no ring)
MPRegen 0.14/turn

%: no passive effects
@: no status effects
A: sickness immunity, AC +5, negative energy resistance 1, electricity
resistance, torment resistance 1, petrification resistance
a: no special abilities


You were on level 6 of the Dungeon.
You visited 1 branch of the dungeon, and saw 6 of its levels.

You collected 222 gold pieces.

Inventory:

Hand Weapons
 m - a +0 rapier
 D - a +2 short sword of electrocution (weapon)
Missiles
 j - 9 poisoned darts
 o - 6 atropa-tipped darts
Armour
 a - a +0 robe (worn)
 q - a +2 pair of boots (worn)
Jewellery
 p - a ring of willpower (left hand)
Wands
 g - a wand of charming (6)
Scrolls
 e - a scroll of blinking
 f - 2 scrolls of poison
 s - a scroll of amnesia
 v - a scroll of revelation
 y - a scroll of torment {unknown}
 A - 2 scrolls of identify
 B - a scroll of teleportation
Potions
 b - 2 potions of magic
 d - a potion of lignification
 h - a potion of heal wounds
 i - 3 potions of mutation
 k - a potion of brilliance
 l - a potion of attraction
 r - a potion of degeneration
 t - 3 potions of curing
 w - a potion of berserk rage
 z - a potion of enlightenment {unknown}
 C - a potion of invisibility {unknown}


   Skills:
 - Level 1.5 Dodging
 - Level 2.1 Stealth
 + Level 5.1 Spellcasting
 * Level 6.4 Conjurations
 + Level 6.2 Fire Magic


You had 10 spell levels left.
You knew the following spells:

 Your Spells              Type           Power      Damage    Failure   Level
a - Foxfire               Conj/Fire      100%       2x1d9     1%          1
b - Scorch                Fire           56%        2d7       1%          2
c - Flame Wave            Conj/Fire      29%        2d9       9%          4

Your spell library contained the following spells:

 Spells                   Type           Power      Damage    Failure   Level
 Dazzling Flash           Conj/Hex       34%        N/A       10%         3
 Hailstorm                Conj/Ice       17%        3d6       10%         3
 Inner Flame              Hex/Fire       16%        N/A       11%         3
 Volatile Blastmotes      Fire/Tloc      32%        2d12      11%         3
 Call Canine Familiar     Summ           4%         N/A       36%         3
 Sigil of Binding         Hex            4%         N/A       36%         3
 Dimensional Bullseye     Hex/Tloc       2%         N/A       77%         4
 Leda's Liquefaction      Hex/Erth       2%         N/A       77%         4
 Summon Ice Beast         Ice/Summ       4%         N/A       77%         4
 Starburst                Conj/Fire      14%        6d6       80%         6
 Simulacrum               Ice/Necr       2%         N/A       100%        6
 Maxwell's Capacitive Co  Air            2%         ∞         100%        8


Dungeon Overview and Level Annotations

Branches:
Dungeon (6/15)
 Temple: D:4-7

Altars:
Trog

Shops:
D:1 !

Annotations:
D:4 1 runed translucent door, Stil's ghost, amateur OpWr


Innate Abilities, Weirdness & Mutations

You are immune to sickness and miasma.
Your stone body is resilient. (AC +5)
You are immune to poison.
You resist negative energy. (rN+)
You are resistant to electric shocks. (rElec)
You are resistant to unholy torment.
You are immune to petrification.


Message History

The orc shouts!
An orc warrior comes into view. It is wielding a +0 halberd.
Casting: Foxfire (safe; 1% risk of failure)
Press: ? - help, Q - select action, (/) - cycle Dir - look around, f - activate You conjure some foxfire!
The orc warrior shouts!
You hear a shout!
The foxfire hits the orc!
You kill the orc!
Casting: Foxfire (safe; 1% risk of failure)
Confirm with . or Enter, or press ? or * to list all spells.
Nothing appears to happen.
The foxfire hits the orc warrior.
The orc warrior is lightly wounded.
An orc comes into view. It is wielding a +0 hand axe.
There is a stone staircase leading up here.
You climb upwards.
There is a stone staircase leading down here.
You start resting.
Magic restored.
You climb downwards.
The orc warrior hits you with a +0 halberd.
The orc warrior hits you with a +0 halberd!
There is a stone staircase leading up here.
Casting: Scorch (safe; 1% risk of failure)
Confirm with . or Enter, or press ? or * to list all spells.
Flames lash the orc warrior.
The orc warrior is lightly wounded.
The orc warrior's fire resistance burns away.
The orc warrior hits you with a +0 halberd.
The orc warrior hits you from afar with a +0 halberd!
* * * LOW HITPOINT WARNING * * *
Casting: Foxfire (safe; 1% risk of failure)
Press: ? - help, Q - select action, (/) - cycle Dir - look around, f - activate You conjure some foxfire!
The orc warrior closely misses you.
The orc warrior is no longer more vulnerable to fire.
The foxfire hits the orc warrior.
The orc warrior is lightly wounded.
The orc warrior hits you from afar with a +0 halberd!
You die...

#.######o....####
#...~..).†...#
###########o..#.###
..........o........#
######.####........
#.o........##.##
########o#########
.# .......<........
. ########@####### .
#v# #.. #.## ###


You could see an orc warrior (ally target) and an orc.

Vanquished Creatures
  2 water moccasins (D:5)
  An ice beast (D:4)
  A sky beast (D:6)
  2 black bears (D:4)
  2 scorpions (D:5)
  2 hounds (D:5)
  An orc priest (D:4)
  A sleepcap (D:4)
  An iguana (D:4)
  9 gnolls
  4 adders
  2 white imps (D:5)
  4 worms
  A dart slug (D:2)
  15 orcs
  10 ball pythons
  11 endoplasms
  3 giant cockroaches
  10 goblins
  11 hobgoblins
  8 jackals
  4 quokkas (D:1)
  5 bats
  3 frilled lizards
  7 kobolds
  3 rats
123 creatures vanquished.

Vanquished Creatures (others)
  286 foxfires
286 creatures vanquished.

Grand Total: 409 creatures vanquished

Notes
Turn   | Place    | Note
-------+----------+-------------------------------------------
     0 | D:1      | wvc the Gargoyle Fire Elementalist began the quest for the
                  | Orb.
     0 | D:1      | Reached XP level 1. HP: 10/10 MP: 3/3
   107 | D:1      | Reached XP level 2. HP: 15/15 MP: 1/5
   600 | D:1      | Reached XP level 3. HP: 19/19 MP: 4/6
   814 | D:1      | Found a faded altar of an unknown god.
   980 | D:1      | Found Qiushro's Distillery.
  1363 | D:2      | Reached XP level 4. HP: 24/24 MP: 5/7
  1366 | D:2      | Learned a level 2 spell: Scorch
  1371 | D:2      | Learned a level 4 spell: Flame Wave
  2732 | D:4      | Found a runed translucent door.
  2736 | D:4      | Noticed a bullfrog
  2739 | D:4      | Noticed Stil's ghost (amateur OpWr)
  2770 | D:4      | Reached XP level 5. HP: 10/28 MP: 4/9
  3060 | D:4      | Noticed an ice beast
  3082 | D:4      | Killed an ice beast
  3083 | D:4      | Reached XP level 6. HP: 32/32 MP: 0/11
  3124 | D:4      | Noticed a black bear
  3183 | D:4      | Killed a black bear
  3183 | D:4      | Noticed a black bear
  3938 | D:4      | Killed a black bear
  3939 | D:4      | Reached skill level 5 in Conjurations
  3939 | D:4      | Reached skill level 5 in Fire Magic
  3939 | D:4      | Reached XP level 7. HP: 36/36 MP: 6/12
  4058 | D:5      | Entered Level 5 of the Dungeon
  4529 | D:5      | Reached XP level 8. HP: 41/41 MP: 9/15
  4873 | D:6      | Found a bloodstained altar of Trog.
  4904 | D:6      | Reached skill level 5 in Spellcasting
  4992 | D:6      | Slain by an orc warrior

Illustrated notes

Levels and vault maps discovered:
D:1:      dpeg_arrival_water_temple_mockup, layout_basic, serial_shops,
          nicolae_shop_statue_plus, shapermc_ecumenical_altar_mp_highgroup,
          minmay_vboxes
D:2:      layout_loops_ring, kennysheep_cross_room
D:3:      minmay_evil_eye, layout_rooms
D:4:      layout_basic, ebering_ghost_sewer_d, minmay_crossroads
D:5:      layout_rooms
D:6:      layout_basic, mainiacjoe_overflow_tiny_flanked, uniq_edmund,
          uniq_crazy_yiuf_cottage

Skill      XL: |  1  2  3  4  5  6  7  8 |
---------------+-------------------------+-----
Conjurations   | 2 3 4 5 6 |  6.4
Fire Magic     | 4 5 6 |  6.2
Spellcasting   | 3 4 5 |  5.1
Dodging        | |  1.5
Stealth        | |  2.1

Action                     |  1- 3 |  4- 6 |  7- 9 || total
---------------------------+-------+-------+-------++-------
  Melee: Dagger            |       |    36 |     6 ||    42
         Long sword        |       |     6 |       ||     6
         Short sword       |       |       |    10 ||    10
   Fire: Sling             |    67 |     4 |       ||    71
   Cast: Foxfire           |    52 |    71 |    55 ||   178
         Scorch            |       |     6 |     9 ||    15
    Use: Scroll            |       |    18 |       ||    18
   Stab: Sleeping          |       |     1 |       ||     1
 Armour: Robe              |    82 |    33 |    31 ||   146
  Dodge: Dodged            |    85 |    37 |    14 ||   136

Table legend: (Time is in decaauts)
 A = Elapsed time spent in this place.
 B = Non-inter-level travel time spent in this place.
 C = Inter-level travel time spent in this place.
 D = Time resting spent in this place.
 E = Time spent auto-exploring this place.
 F = Levels seen in this place.
 G = Mean time per level.
                   A        B        C        D        E       F      G
               +--------+--------+--------+--------+--------+-----+--------+
         Total |   5020 |   4888 |    132 |    361 |   3389 |   6 |  836.7 |
       Dungeon |   5020 |   4888 |    132 |    361 |   3389 |   6 |  836.7 |
               +--------+--------+--------+--------+--------+-----+--------+

Top non-repeatable levels by time:
     D:4: 1346 daAuts
     D:1: 1242 daAuts
     D:2: 925 daAuts
     D:5: 837 daAuts
     D:3: 571 daAuts
     D:6: 96 daAuts
